[Event "WYCC U14 Open 2019"]
[Site "Mumbai"]
[Date "2019.10.12"]
[Round "11.11"]
[White "Fardet, Elouan"]
[Black "Tadic, Stefan"]
[Result "0-1"]
[ECO "B33"]
[WhiteElo "2010"]
[BlackElo "2295"]
[Annotator "ChessBase"]
[PlyCount "46"]
[EventDate "2019.10.02"]
[EventType "swiss"]
[EventCountry "IND"]
[SourceTitle "playchess.com"]
[Source "ChessBase"]
[SourceQuality "1"]
[TimeControl "40/5400+30:1800+30"]

1. e4 c5 2. Nf3 Nc6 3. d4 cxd4 4. Nxd4 Nf6 5. Nc3 e6 6. Ndb5 Bc5 7. Nd6+ Ke7 8. Bf4 e5 9. Nf5+ Kf8 10. Bg5 d6 11. Bc4 h6 12. Bxf6 Qxf6 13. Nd5 Qg6 14. Qf3 h5 15. c3 a6 16. b4 Ba7 17. Nc7 Rb8 18. Nxd6 Nd8 19. Qd3 Qxg2 20. O-O-O Bg4 21. Rdf1 Qf3 22. Qc2 Rh6 23. Qd2 Bb6 0-1

[Event "WYCC U14 Open 2019"]
[Site "Mumbai"]
[Date "2019.10.12"]
[Round "11.12"]
[White "Davtyan, Arsen"]
[Black "Aaryan Varshney"]
[Result "1/2-1/2"]
[ECO "B52"]
[WhiteElo "1942"]
[BlackElo "2239"]
[Annotator "ChessBase"]
[PlyCount "61"]
[EventDate "2019.10.02"]
[EventType "swiss"]
[EventCountry "IND"]
[SourceTitle "playchess.com"]
[Source "ChessBase"]
[SourceQuality "1"]
[TimeControl "40/5400+30:1800+30"]

1. e4 c5 2. Nf3 d6 3. Bb5+ Bd7 4. Bxd7+ Qxd7 5. O-O Nc6 6. c3 Nf6 7. d4 cxd4 8. cxd4 Nxe4 9. d5 Ne5 10. Re1 Nf6 11. Nxe5 dxe5 12. Rxe5 e6 13. Nc3 Bd6 14. dxe6 fxe6 15. Re1 O-O 16. Qe2 Rae8 17. Be3 Nd5 18. Nxd5 exd5 19. Qd3 Bb8 20. Rad1 Re5 21. g3 Rfe8 22. Rd2 h5 23. Red1 h4 24. Qb3 hxg3 25. hxg3 Qh3 26. Rxd5 Rxe3 27. fxe3 Qxg3+ 28. Kf1 Qf3+ 29. Kg1 Qg4+ 30. Kf1 Qf3+ 31. Kg1 1/2-1/2

[Event "WYCC U14 Open 2019"]
[Site "Mumbai"]
[Date "2019.10.12"]
[Round "11.13"]
[White "Gokhale Rishabh Chandrashekhar"]
[Black "Flores Quillas, Diego Saul Rodri"]
[Result "0-1"]
[ECO "A04"]
[WhiteElo "1925"]
[BlackElo "2164"]
[Annotator "ChessBase"]
[PlyCount "140"]
[EventDate "2019.10.02"]
[EventType "swiss"]
[EventCountry "IND"]
[SourceTitle "playchess.com"]
[Source "ChessBase"]
[SourceQuality "1"]
[TimeControl "40/5400+30:1800+30"]

1. Nf3 c5 2. b3 Nf6 3. Bb2 e6 4. g3 d5 5. Bg2 Bd6 6. d3 Nc6 7. Nbd2 O-O 8. O-O e5 9. e4 Re8 10. Re1 Bc7 11. a4 Rb8 12. h3 b6 13. exd5 Nxd5 14. Nc4 f6 15. Nh4 Be6 16. Ne3 Nxe3 17. Rxe3 Qd7 18. Kh2 Nb4 19. Re2 Rbd8 20. Nf3 Bf7 21. Qf1 a6 22. Rd2 b5 23. axb5 axb5 24. Ra7 e4 25. dxe4 Bxg3+ 26. fxg3 Qxa7 27. Qxb5 Rxd2 28. Nxd2 Nxc2 29. Nc4 Rb8 30. Qc6 Qb7 31. Qxc5 Qxb3 32. Bf1 Ne1 33. Bd4 Nf3+ 34. Kg2 Ne1+ 35. Kh2 Qc2+ 36. Bf2 Nd3 37. Bxd3 Qxd3 38. Nd6 Rd8 39. e5 fxe5 40. Nxf7 Kxf7 41. Qxe5 Kg8 42. h4 h6 43. Qe6+ Kh7 44. h5 Rf8 45. Bg1 Rf6 46. Qe3 Qd5 47. Qe2 Rf3 48. Qe8 Qf5 49. Kg2 Rc3 50. Be3 Rc2+ 51. Kg1 Re2 52. Qg6+ Qxg6 53. hxg6+ Kxg6 54. Bd4 h5 55. Kf1 Ra2 56. Kg1 Kf7 57. Be3 Ke6 58. Kh1 Kf5 59. Bd4 g5 60. Bb6 Kg4 61. Bc7 Kh3 62. Kg1 Rg2+ 63. Kh1 Rxg3 64. Bxg3 Kxg3 65. Kg1 h4 66. Kh1 Kf3 67. Kh2 g4 68. Kg1 g3 69. Kf1 h3 70. Kg1 g2 0-1

[Event "WYCC U14 Open 2019"]
[Site "Mumbai"]
[Date "2019.10.12"]
[Round "11.14"]
[White "Luczak, Filip"]
[Black "Jain Kashish Manoj"]
[Result "0-1"]
[ECO "E71"]
[WhiteElo "2136"]
[BlackElo "1930"]
[Annotator "ChessBase"]
[PlyCount "109"]
[EventDate "2019.10.02"]
[EventType "swiss"]
[EventCountry "IND"]
[SourceTitle "playchess.com"]
[Source "ChessBase"]
[SourceQuality "1"]
[TimeControl "40/5400+30:1800+30"]

1. d4 Nf6 2. c4 g6 3. Nc3 Bg7 4. e4 d6 5. h3 O-O 6. Be3 e5 7. d5 a5 8. g4 Na6 9. Nge2 Nc5 10. Ng3 Bd7 11. Be2 c6 12. g5 Ne8 13. Bg4 cxd5 14. Nxd5 Be6 15. O-O Bxd5 16. Qxd5 Nc7 17. Qd2 Qe7 18. Rad1 Rfd8 19. h4 N7e6 20. Bxe6 Nxe6 21. Ne2 f5 22. exf5 gxf5 23. f4 Qe8 24. Qd5 Kh8 25. Bb6 Rdc8 26. fxe5 Rc6 27. Be3 dxe5 28. Nc3 Qh5 29. Rd2 Rf8 30. Rg2 Qxh4 31. b3 Rd8 32. Qxa5 Qh3 33. Nd5 Rxd5 34. cxd5 Qxe3+ 35. Kh2 Ra6 36. Qb5 Nf8 37. Rxf5 Qe4 38. Qf1 Qh4+ 39. Kg1 Qd4+ 40. Rgf2 Rxa2 41. Qc4 Qe3 42. Qg4 Ra1+ 43. Kg2 Qc1 44. Rf1 Qd2+ 45. R5f2 Qxd5+ 46. Qf3 e4 47. Qf5 Ra5 48. Qxd5 Rxd5 49. Rf5 Rd2+ 50. R1f2 e3 51. Rxd2 exd2 52. Rd5 Bc3 53. Kf3 Ne6 54. Rd7 Nd4+ 55. Ke4 0-1

[Event "WYCC U14 Open 2019"]
[Site "Mumbai"]
[Date "2019.10.12"]
[Round "11.15"]
[White "Vignesh N R"]
[Black "Pham, Khoi"]
[Result "0-1"]
[ECO "B43"]
[WhiteElo "2475"]
[BlackElo "2121"]
[Annotator "ChessBase"]
[PlyCount "76"]
[EventDate "2019.10.02"]
[EventType "swiss"]
[EventCountry "IND"]
[SourceTitle "playchess.com"]
[Source "ChessBase"]
[SourceQuality "1"]
[TimeControl "40/5400+30:1800+30"]

1. e4 c5 2. Nf3 e6 3. d4 cxd4 4. Nxd4 a6 5. Nc3 b5 6. Be2 Bb7 7. Bf3 Qc7 8. O-O d6 9. a4 bxa4 10. Rxa4 Nf6 11. Qe2 Nbd7 12. Nb3 Be7 13. g3 Rb8 14. Be3 O-O 15. Na5 Ba8 16. Qxa6 Ne5 17. Bg2 Rxb2 18. Bd4 Rxc2 19. Bxe5 dxe5 20. Rc4 Qd6 21. Qa7 Rxc3 22. Rxc3 Bxe4 23. Bxe4 Nxe4 24. Re3 Nd2 25. Ra1 Bg5 26. Rc3 e4 27. Qc5 Nf3+ 28. Kg2 Qd2 29. Nc6 g6 30. Rc2 Qd5 31. Ra5 Ne1+ 32. Kf1 Qd1 33. Qd4 Nd3+ 34. Kg2 Qxc2 35. Ra6 e3 36. h4 Qxf2+ 37. Kh3 Qf1+ 38. Kh2 Nf2 0-1

[Event "WYCC U14 Open 2019"]
[Site "Mumbai"]
[Date "2019.10.12"]
[Round "11.16"]
[White "Aditya Varun Gampa"]
[Black "Pranav Anand"]
[Result "0-1"]
[ECO "B59"]
[WhiteElo "1879"]
[BlackElo "2351"]
[Annotator "ChessBase"]
[PlyCount "96"]
[EventDate "2019.10.02"]
[EventType "swiss"]
[EventCountry "IND"]
[SourceTitle "playchess.com"]
[Source "ChessBase"]
[SourceQuality "1"]
[TimeControl "40/5400+30:1800+30"]

1. e4 c5 2. Nf3 Nc6 3. d4 cxd4 4. Nxd4 Nf6 5. Nc3 d6 6. Be2 e5 7. Nb3 Be7 8. Bg5 Be6 9. Bxf6 Bxf6 10. Nd5 Bg5 11. g3 O-O 12. h4 Bh6 13. g4 f6 14. Bc4 Kh8 15. Ne3 Bxe3 16. Bxe6 Bf4 17. c3 Ne7 18. Qd3 Qb6 19. Rd1 Rfd8 20. Bd5 a5 21. a4 Nxd5 22. Qxd5 Qc6 23. Rh3 Qd7 24. Nc5 Qxg4 25. Rhd3 h5 26. Nxb7 Rdb8 27. b3 Qxh4 28. Nxd6 Qg4 29. Nb5 Rd8 30. Qf7 Rxd3 31. Rxd3 Bh6 32. Qd5 Rf8 33. Rg3 Qf4 34. Nd6 h4 35. Rd3 Qg4 36. Kf1 h3 37. Rg3 Qh5 38. Kg1 Bf4 39. Kh2 Qf3 40. Kxh3 Qxf2 41. Nf5 Bxg3 42. Nxg3 Qf3 43. Qxa5 Kh7 44. Qd5 Kg6 45. Kh2 Rh8+ 46. Kg1 Qxg3+ 47. Kf1 Rh1+ 48. Ke2 Rh2+ 0-1